[ AOE2 MATCH · #504602866 ]
UnrankedHindustanis vs Malay
Rival team · WIN
[ REPLAY ANALYSIS · EXTRACTED FROM THE RECORDED GAME ]
Feudal
8:28
Castle
17:18
Imperial
—
| APM avg | 70.5 |
| APM peak | 100 |
| eAPM avg | 33.9 |
| Villagers / military | 114 / 88 |
Focus
⚔️ 46.3% · 🌾 53.7%
Ghulam ×31 · Scout Cavalry ×16 · Petard ×10 · Cavalry Archer ×10 · Armored Elephant ×7 · Archer ×6
Feudal
10:31
Castle
19:41
Imperial
34:35
| APM avg | 74.6 |
| APM peak | 95 |
| eAPM avg | 40.7 |
| Villagers / military | 273 / 111 |
Focus
⚔️ 31.5% · 🌾 68.5%
Skirmisher ×37 · Spearman ×22 · Karambit Warrior ×20 · Militia ×19 · Trebuchet (Packed) ×6 · Monk ×4
Match map
Initial resources + every placement click. Lines = walls · curves = elevation contours. ◆ gold · ⬟ stone · ● berries · ✦ relic · ◌ wall gap
Your base· Open — 12t gap
LE | WilliamS's base· ✓ Closed at 19:41 · 37t walls · 1 gate(s)
Smoothed initial terrain · ◌ = detected wall gap · hover for details
Inputs per minute
— hK | ChossMx - - LE | WilliamS
Build order — hK | ChossMx
First 150 of 372 actions detected
| 0:01 | Create | Villager (Male) |
| 0:02 | Build | House |
| 0:04 | Build | House |
| 0:06 | Create | Villager (Male) |
| 0:07 | Create | Villager (Male) |
| 0:08 | Create | Villager (Male) |
| 1:06 | Create | Villager (Male) |
| 1:06 | Create | Villager (Male) |
| 1:35 | Create | Villager (Male) |
| 2:03 | Build | Lumber Camp |
| 2:09 | Create | Villager (Male) |
| 2:10 | Create | Villager (Male) |
| 2:19 | Create | Villager (Male) |
| 2:35 | Create | Villager (Male) |
| 3:17 | Create | Villager (Male) |
| 3:18 | Create | Villager (Male) |
| 3:18 | Create | Villager (Male) |
| 3:33 | Create | Villager (Male) |
| 3:49 | Build | House |
| 4:09 | Create | Villager (Male) |
| 4:24 | Create | Villager (Male) |
| 4:33 | Build | Mill |
| 5:50 | Research | Loom |
| 6:18 | Research | Feudal Age |
| 6:18 | Research | Feudal Age |
| 6:48 | Build | Palisade Wall |
| 6:50 | Build | Palisade Wall |
| 6:53 | Create | Villager (Male) |
| 7:00 | Build | Palisade Wall |
| 7:15 | Build | House |
| 7:22 | Build | Palisade Wall |
| 7:22 | Build | Palisade Wall |
| 7:23 | Build | Palisade Wall |
| 7:25 | Build | Palisade Wall |
| 7:29 | Build | Mining Camp |
| 7:31 | Build | Palisade Wall |
| 7:33 | Build | Palisade Wall |
| 7:34 | Build | Palisade Wall |
| 7:49 | Build | Palisade Wall |
| 8:19 | Build | Barracks |
| 8:28 | Age | Feudal Age |
| 8:44 | Research | Double-Bit Axe |
| 8:45 | Research | Double-Bit Axe |
| 8:47 | Create | Villager (Male) |
| 9:16 | Create | Villager (Male) |
| 9:27 | Build | Archery Range |
| 9:47 | Create | Villager (Male) |
| 9:52 | Create | Villager (Male) |
| 9:58 | Build | Farm |
| 10:12 | Create | Archer |
| 10:14 | Create | Villager (Male) |
| 10:17 | Build | Farm |
| 10:28 | Build | House |
| 10:35 | Create | Archer |
| 10:58 | Create | Villager (Male) |
| 11:00 | Build | Farm |
| 11:13 | Create | Archer |
| 11:15 | Build | House |
| 11:31 | Build | Farm |
| 11:33 | Create | Archer |
| 11:34 | Create | Villager (Male) |
| 11:39 | Build | House |
| 11:55 | Create | Villager (Male) |
| 12:05 | Create | Villager (Male) |
| 12:06 | Build | Farm |
| 12:18 | Build | Palisade Wall |
| 12:25 | Create | Villager (Male) |
| 12:26 | Create | Archer |
| 12:40 | Build | Farm |
| 12:53 | Create | Villager (Male) |
| 13:18 | Build | Blacksmith |
| 13:22 | Create | Villager (Male) |
| 13:26 | Create | Archer |
| 13:33 | Build | House |
| 14:01 | Create | Villager (Male) |
| 14:05 | Build | Palisade Wall |
| 14:38 | Research | Castle Age |
| 14:38 | Research | Castle Age |
| 15:12 | Build | Stable |
| 15:31 | Build | Farm |
| 15:34 | Build | Farm |
| 15:35 | Build | Farm |
| 15:36 | Build | Farm |
| 15:40 | Build | Farm |
| 15:42 | Build | Farm |
| 15:44 | Research | Horse Collar |
| 15:57 | Build | Farm |
| 16:10 | Create | Scout Cavalry |
| 16:31 | Build | Farm |
| 16:36 | Build | Farm |
| 16:39 | Create | Villager (Male) |
| 16:42 | Research | Bloodlines |
| 16:42 | Research | Bloodlines |
| 17:00 | Build | Archery Range |
| 17:10 | Research | Gold Mining |
| 17:18 | Age | Castle Age |
| 17:20 | Create | Cavalry Archer |
| 17:33 | Create | Cavalry Archer |
| 17:36 | Research | Fletching |
| 17:36 | Research | Fletching |
| 17:42 | Build | Farm |
| 17:51 | Create | Villager (Male) |
| 17:54 | Create | Villager (Male) |
| 17:56 | Create | Cavalry Archer |
| 18:14 | Build | Siege Workshop |
| 18:22 | Create | Villager (Male) |
| 18:24 | Create | Cavalry Archer |
| 18:31 | Research | Bow Saw |
| 18:43 | Create | Cavalry Archer |
| 18:51 | Create | Villager (Male) |
| 18:54 | Create | Scorpion |
| 19:08 | Build | Farm |
| 19:15 | Create | Villager (Male) |
| 19:21 | Create | Scorpion |
| 19:40 | Create | Villager (Male) |
| 19:43 | Create | Cavalry Archer |
| 19:49 | Build | House |
| 20:06 | Create | Villager (Male) |
| 20:07 | Create | Cavalry Archer |
| 20:07 | Create | Cavalry Archer |
| 20:15 | Build | Farm |
| 20:45 | Create | Villager (Male) |
| 20:47 | Build | House |
| 20:48 | Build | House |
| 20:55 | Create | Mangonel |
| 20:57 | Create | Villager (Male) |
| 21:03 | Build | Farm |
| 21:16 | Research | Wheelbarrow |
| 21:24 | Research | Bodkin Arrow |
| 21:24 | Research | Bodkin Arrow |
| 21:46 | Create | Villager (Male) |
| 21:47 | Build | Monastery |
| 21:55 | Create | Villager (Male) |
| 22:05 | Build | House |
| 22:11 | Create | Mangonel |
| 22:39 | Create | Villager (Male) |
| 22:46 | Create | Villager (Male) |
| 23:04 | Create | Villager (Male) |
| 23:09 | Build | Town Center |
| 23:16 | Build | Farm |
| 23:38 | Build | Farm |
| 23:50 | Create | Monk |
| 23:58 | Build | Palisade Wall |
| 24:18 | Create | Mangonel |
| 24:19 | Create | Villager (Male) |
| 24:33 | Create | Villager (Male) |
| 24:43 | Create | Villager (Male) |
| 24:50 | Create | Villager (Male) |
| 24:54 | Build | Lumber Camp |
| 25:05 | Create | Cavalry Archer |
Build order — LE | WilliamS
First 150 of 525 actions detected
| 0:01 | Create | Villager (Male) |
| 0:01 | Create | Villager (Male) |
| 0:02 | Build | House |
| 0:03 | Build | House |
| 0:04 | Create | Villager (Male) |
| 0:11 | Create | Villager (Male) |
| 1:25 | Create | Villager (Male) |
| 1:25 | Create | Villager (Male) |
| 1:50 | Create | Villager (Male) |
| 1:50 | Create | Villager (Male) |
| 2:02 | Build | Lumber Camp |
| 2:25 | Create | Villager (Male) |
| 2:25 | Create | Villager (Male) |
| 2:53 | Create | Villager (Male) |
| 2:53 | Create | Villager (Male) |
| 3:14 | Create | Villager (Male) |
| 3:14 | Create | Villager (Male) |
| 3:39 | Create | Villager (Male) |
| 3:39 | Create | Villager (Male) |
| 3:53 | Build | House |
| 4:00 | Create | Villager (Male) |
| 4:00 | Create | Villager (Male) |
| 4:27 | Create | Villager (Male) |
| 4:28 | Create | Villager (Male) |
| 4:28 | Create | Villager (Male) |
| 4:32 | Build | Barracks |
| 4:55 | Create | Villager (Male) |
| 4:55 | Create | Villager (Male) |
| 5:13 | Build | House |
| 5:24 | Create | Militia |
| 5:45 | Create | Militia |
| 5:47 | Create | Villager (Male) |
| 5:50 | Create | Militia |
| 5:50 | Create | Villager (Male) |
| 5:53 | Build | House |
| 5:57 | Build | Palisade Wall |
| 6:04 | Create | Villager (Male) |
| 6:05 | Create | Villager (Male) |
| 6:27 | Build | Mill |
| 6:39 | Create | Villager (Male) |
| 7:04 | Create | Villager (Male) |
| 7:37 | Create | Villager (Male) |
| 7:55 | Research | Loom |
| 8:17 | Build | Lumber Camp |
| 8:29 | Build | Mining Camp |
| 8:43 | Create | Villager (Male) |
| 9:00 | Research | Feudal Age |
| 9:30 | Build | Palisade Wall |
| 9:34 | Create | Villager (Male) |
| 9:54 | Build | House |
| 9:56 | Build | Palisade Wall |
| 9:57 | Build | Palisade Wall |
| 10:08 | Create | Villager (Male) |
| 10:20 | Build | Palisade Wall |
| 10:31 | Age | Feudal Age |
| 10:33 | Research | Double-Bit Axe |
| 10:33 | Research | Horse Collar |
| 10:44 | Create | Villager (Male) |
| 10:52 | Build | Archery Range |
| 11:04 | Create | Villager (Male) |
| 11:12 | Create | Villager (Male) |
| 11:24 | Research | Man-at-Arms (upgrade) |
| 11:27 | Build | Farm |
| 11:33 | Build | House |
| 11:37 | Create | Skirmisher |
| 11:49 | Build | Farm |
| 11:52 | Build | House |
| 11:57 | Create | Skirmisher |
| 12:05 | Create | Villager (Male) |
| 12:05 | Create | Villager (Male) |
| 12:05 | Create | Villager (Male) |
| 12:06 | Build | Farm |
| 12:13 | Build | Farm |
| 12:20 | Create | Skirmisher |
| 12:31 | Build | Farm |
| 12:38 | Create | Villager (Male) |
| 12:47 | Build | Farm |
| 12:56 | Build | Farm |
| 12:58 | Build | Farm |
| 13:03 | Create | Villager (Male) |
| 13:12 | Build | Farm |
| 13:13 | Create | Skirmisher |
| 13:15 | Create | Skirmisher |
| 13:15 | Create | Skirmisher |
| 13:25 | Build | Farm |
| 13:28 | Build | Palisade Wall |
| 13:29 | Create | Villager (Male) |
| 13:30 | Create | Villager (Male) |
| 13:30 | Create | Villager (Male) |
| 13:34 | Build | House |
| 13:39 | Create | Villager (Male) |
| 13:39 | Create | Villager (Male) |
| 13:40 | Create | Villager (Male) |
| 13:46 | Build | Farm |
| 13:51 | Create | Skirmisher |
| 14:03 | Create | Villager (Male) |
| 14:05 | Build | Farm |
| 14:06 | Create | Villager (Male) |
| 14:15 | Create | Villager (Male) |
| 14:27 | Create | Skirmisher |
| 14:31 | Create | Skirmisher |
| 14:33 | Create | Spearman |
| 14:37 | Create | Villager (Male) |
| 14:41 | Create | Villager (Male) |
| 14:47 | Build | Farm |
| 15:01 | Create | Villager (Male) |
| 15:01 | Create | Villager (Male) |
| 15:04 | Create | Villager (Male) |
| 15:12 | Build | Farm |
| 15:13 | Build | Farm |
| 15:35 | Build | House |
| 15:35 | Create | Villager (Male) |
| 15:41 | Build | Blacksmith |
| 15:52 | Create | Skirmisher |
| 15:58 | Create | Villager (Male) |
| 16:04 | Create | Villager (Male) |
| 16:04 | Create | Villager (Male) |
| 16:15 | Build | Farm |
| 16:25 | Research | Wheelbarrow |
| 16:44 | Create | Skirmisher |
| 16:49 | Build | Farm |
| 16:53 | Create | Spearman |
| 17:12 | Create | Skirmisher |
| 17:37 | Build | House |
| 17:37 | Build | House |
| 17:56 | Build | Palisade Gate |
| 17:59 | Research | Castle Age |
| 17:59 | Research | Castle Age |
| 18:24 | Build | House |
| 18:24 | Build | House |
| 18:32 | Create | Skirmisher |
| 18:32 | Create | Skirmisher |
| 18:34 | Create | Spearman |
| 18:47 | Research | Fletching |
| 18:47 | Research | Fletching |
| 18:47 | Create | Skirmisher |
| 19:06 | Research | Gold Mining |
| 19:13 | Create | Skirmisher |
| 19:29 | Research | Padded Archer Armor |
| 19:40 | Build | House |
| 19:41 | Age | Castle Age |
| 19:43 | Research | Bodkin Arrow |
| 19:44 | Research | Elite Skirmisher (upgrade) |
| 19:44 | Research | Elite Skirmisher (upgrade) |
| 19:56 | Create | Villager (Male) |
| 19:56 | Create | Villager (Male) |
| 19:58 | Build | Town Center |
| 20:05 | Create | Villager (Male) |
| 20:05 | Create | Villager (Male) |
| 20:26 | Create | Villager (Male) |
Match timeline
| 4:32 | LE | WilliamS · first_building Barracks |
| 5:57 | LE | WilliamS · wall_segment Palisade Wall x3 |
| 6:48 | hK | ChossMx · wall_segment Palisade Wall x1 |
| 6:50 | hK | ChossMx · wall_segment Palisade Wall x1 |
| 7:00 | hK | ChossMx · wall_segment Palisade Wall x2 |
| 7:22 | hK | ChossMx · wall_segment Palisade Wall x1 |
| 7:22 | hK | ChossMx · wall_segment Palisade Wall x1 |
| 7:23 | hK | ChossMx · wall_segment Palisade Wall x1 |
| 7:25 | hK | ChossMx · wall_segment Palisade Wall x1 |
| 7:31 | hK | ChossMx · wall_segment Palisade Wall x1 |
| 7:33 | hK | ChossMx · wall_segment Palisade Wall x1 |
| 7:34 | hK | ChossMx · wall_segment Palisade Wall x1 |
| 7:49 | hK | ChossMx · wall_segment Palisade Wall x1 |
| 8:19 | hK | ChossMx · first_building Barracks |
| 8:28 | hK | ChossMx · age_up feudal |
| 9:27 | hK | ChossMx · first_building Archery Range |
| 9:30 | LE | WilliamS · wall_segment Palisade Wall x16 |
| 9:56 | LE | WilliamS · wall_segment Palisade Wall x7 |
| 9:57 | LE | WilliamS · wall_segment Palisade Wall x1 |
| 10:20 | LE | WilliamS · wall_segment Palisade Wall x7 |
| 10:31 | LE | WilliamS · age_up feudal |
| 10:52 | LE | WilliamS · first_building Archery Range |
| 12:18 | hK | ChossMx · wall_segment Palisade Wall x1 |
| 13:28 | LE | WilliamS · wall_segment Palisade Wall x3 |
| 14:05 | hK | ChossMx · wall_segment Palisade Wall x1 |
| 15:12 | hK | ChossMx · first_building Stable |
| 17:18 | hK | ChossMx · age_up castle |
| 18:14 | hK | ChossMx · first_building Siege Workshop |
| 19:41 | LE | WilliamS · age_up castle |
| 21:29 | LE | WilliamS · first_building Siege Workshop |
| 21:47 | hK | ChossMx · first_building Monastery |
| 23:23 | LE | WilliamS · first_building Monastery |
| 23:58 | hK | ChossMx · wall_segment Palisade Wall x1 |
| 28:27 | LE | WilliamS · first_market_buy 100 stone |
| 30:32 | hK | ChossMx · first_building Castle |
| 31:48 | LE | WilliamS · first_market_sell 100 wood |
| 32:03 | LE | WilliamS · wall_segment Stone Wall x1 |
| 32:04 | LE | WilliamS · wall_segment Stone Wall x1 |
| 32:04 | LE | WilliamS · wall_segment Stone Wall x1 |
| 32:28 | LE | WilliamS · wall_segment Stone Wall x2 |
| 32:48 | LE | WilliamS · first_building Castle |
| 34:35 | LE | WilliamS · age_up imperial |
| 35:48 | LE | WilliamS · wall_segment Stone Wall x1 |
| 38:14 | hK | ChossMx · first_market_buy 100 stone |
| 39:32 | hK | ChossMx · resign |
[ AI ANALYSIS · 1 CREDIT ]
What really happened in this match?
Wolo.gg analyzes every decision: build order, eco, micro, common mistakes by bracket. Personalized analysis on WhatsApp or Discord in 30 seconds.
Civ guide
Hindustanis
Perfil
Jugador #9031952